Map: Disco Bloodbath LE

Players

MedoedHunter - Winner!

  • Race: Protoss Protoss
  • League: Master
  • Spawn Location: 3:00

KatagiriAiri

  • Race: Protoss Protoss
  • League: Grandmaster
  • Spawn Location: 9:00

VOD

https://youtu.be/inbGbN7Pojg

Description

Time

  • Played on: Oct. 31, 2019, 1:08 p.m.
  • Length: 4:35
Show
View Real Time Build Order
Export as new Build Order

MedoedHunter Protoss - Winner!

Build Orders: Dark Templar Rush 

Get SALT Encoding   

  12  0:00  Probe  
  13  0:13  Probe  
  14  0:17  Pylon  
  14  0:25  Probe (Chrono Boost)  
  15  0:37  Probe (Chrono Boost)  
  15  0:39  Gateway  
  16  0:44  Probe (Chrono Boost)  
  16  0:46  Assimilator  
  17  0:51  Probe  
  17  0:54  Assimilator  
  18  1:03  Probe (Chrono Boost)  
  19  1:09  Gateway  
  19  1:13  Probe (Chrono Boost)  
  20  1:18  Probe (Chrono Boost)  
  21  1:29  Cybernetics Core, Probe  
  22  1:42  Probe  
  22  1:45  Pylon  
  23  1:52  Pylon  
  23  2:03  Probe  
  23  2:05  Sentry, Stalker  
  23  2:06  Warp Gate  
  28  2:16  Twilight Council  
  28  2:21  Shield Battery  
  28  2:33  Robotics Facility  
  28  2:43  Gateway  
  28  2:50  Shield Battery  
  28  3:05  Dark Shrine  
  28  3:18  Warp Prism (Chrono Boost)  
  30  3:20  Pylon  
  30  3:34  Pylon  
  30  3:50  Nexus  
  30  4:10  Probe  
  31  4:17  Dark Templar x3  
Show
View Real Time Build Order
Export as new Build Order

KatagiriAiri Protoss 

Build Orders:  

Get SALT Encoding   

  12  0:00  Probe  
  13  0:13  Probe  
  14  0:16  Pylon  
  14  0:25  Probe (Chrono Boost)  
  16  0:37  Probe (Chrono Boost)  
  16  0:38  Gateway  
  16  0:42  Probe (Chrono Boost)  
  16  0:45  Assimilator  
  17  0:51  Probe  
  17  0:54  Assimilator  
  18  1:03  Probe (Chrono Boost)  
  19  1:09  Gateway  
  19  1:12  Probe (Chrono Boost)  
  19  1:17  Probe (Chrono Boost)  
  20  1:25  Cybernetics Core  
  21  1:29  Probe  
  22  1:38  Pylon  
  22  1:41  Probe  
  23  2:00  Nexus  
  23  2:04  Sentry  
  23  2:07  Warp Gate  
  25  2:14  Stalker  
  27  2:21  Pylon  
  27  2:30  Stalker  
  27  2:31  Probe (Chrono Boost)  
  30  2:43  Probe (Chrono Boost)  
  31  2:44  Robotics Facility  
  31  2:49  Probe (Chrono Boost)  
  32  2:55  Stalker  
  34  2:59  Probe  
  35  3:11  Probe (Chrono Boost)  
  35  3:12  Gateway  
  36  3:13  Probe (Chrono Boost)  
  37  3:22  Probe (Chrono Boost)  
  37  3:23  Probe (Chrono Boost)  
  37  3:26  Probe (Chrono Boost)  
  40  3:44  Probe  
  41  3:51  Twilight Council  
  41  3:55  Probe  
  42  4:00  Shield Battery x2  
  46  4:12  Sentry  
  46  4:13  Sentry  
  50  4:17  Pylon  
  50  4:27  Gateway  
Tags
 
Add a new tag
Caveats
  • Supply blocks, unpowered buildings, or Contaminate may cause inaccurate times.
  • Supply counts are checked every 10 seconds.